 Dungeon Crawl Stone Soup version 0.27-a0-1291-geefcff550b (webtiles) character file.

Game seed: 3707538043622471290

157000 Shayle the Zephyrmancer (level 17, -3/127 (148) HPs)
             Began as a Pale Draconian Air Elementalist on June 15, 2021.
             Was a High Priest of Vehumet.
             Killed from afar by a necromancer (17 damage)
             ... with a bolt of negative energy
             ... on level 1 of the Elven Halls on June 16, 2021.
             The game lasted 02:47:03 (41798 turns).

Shayle the Zephyrmancer (DrAE)                     Turns: 41798, Time: 02:47:04

HP:   -3/127 (148)  AC: 16    Str: 11    XL:     17   Next: 11%
MP:   14/42         EV: 23    Int: 21    God:    Vehumet [*****.]
Gold: 956           SH:  0    Dex: 13    Spells: 2/40 levels left

rFire    . . .     SeeInvis +   (weapon currently unavailable)
rCold    . . .     Faith    .   (shield currently unavailable)
rNeg     . . .     Spirit   .   (armour unavailable)
rPois    ∞         Reflect  .   (helmet currently unavailable)
rElec    +         Harm     .   (cloak currently unavailable)
rCorr    .         Rampage  .   (gloves currently unavailable)
Will     +....                  (boots currently unavailable)
Stlth    +.........             a - amulet of magic regeneration
HPRegen  0.31/turn              g - ring of see invisible
MPRegen  0.53/turn              m - ring of magical power

@: storm-form, flying, contaminated, glowing, heavily drained
A: cleaving, flying, (breathe steam), AC +9, unfitting armour, (cold-blooded),
(steam resistance)
a: Blinkbolt, End Transformation, Renounce Religion


You were on level 1 of the Elven Halls.
You worshipped Vehumet.
Vehumet was extremely pleased with you.
You were a lightning-filled tempest!
You visited 7 branches of the dungeon, and saw 30 of its levels.
You also visited: Sewer.

You collected 3231 gold pieces.
You spent 2275 gold pieces at shops.

Inventory:

Hand Weapons
 k - a +2 mace of protection (melded)
 S - the +4 flail of Destiny {flame, rN+ Str+4}
   (You found it on level 4 of the Lair of Beasts)

   It has been specially enchanted to burn those struck by it, causing extra
   injury to most foes and up to half again as much damage against particularly
   susceptible opponents.
   It affects your strength (+4).
   It protects you from negative energy.
Missiles
 f - 9 curare-tipped darts
 F - 2 throwing nets (quivered)
Armour
 b - a +2 cloak (melded)
 d - a +2 buckler (melded)
 l - a +0 pair of gloves (melded)
 C - a +1 pair of boots (melded)
 O - a +1 hat of intelligence (melded)
Jewellery
 a - an amulet of magic regeneration (around neck)
 g - a ring of see invisible (left hand)
 m - a ring of magical power (right hand)
 n - a ring of protection from fire
 q - the ring of Suicidal Tendencies {rPois Will+ Dex-2 SInv}
   (You took it off a yaktaur on level 14 of the Dungeon)

   [ring of poison resistance]

   It affects your dexterity (-2).
   It protects you from poison.
   It lets you see invisible.
   It increases your willpower.
 s - the ring of Pride {Will+ rCorr Int+4 Dex+2}
   (You took it off a deep elf pyromancer on level 14 of the Dungeon)

   [ring of willpower]

   It affects your intelligence (+4).
   It affects your dexterity (+2).
   It protects you from acid and corrosion.
   It increases your willpower.
 W - the ring of Mutualism {rF- Will+ rCorr Int+4}
   (You found it on level 14 of the Dungeon)

   [ring of resist corrosion]

   It affects your intelligence (+4).
   It makes you vulnerable to fire.
   It protects you from acid and corrosion.
   It increases your willpower.
 Z - the ring "Riloyxt" {+Blink rElec rCorr EV+4 Stlth-}
   (You took it off a wizard on level 14 of the Dungeon)

   [ring of evasion]

   It affects your evasion (+4).
   It insulates you from electricity.
   It lets you blink.
   It protects you from acid and corrosion.
   It makes you less stealthy.
Wands
 c - a wand of charming (31)
 x - a wand of flame (42)
 A - a wand of paralysis (7)
 R - a wand of iceblast (27)
Scrolls
 j - a scroll of fog
 p - 3 scrolls of blinking
 D - 4 scrolls of magic mapping
 J - a scroll of summoning
 N - a scroll of silence
 T - a scroll of fear
 U - 6 scrolls of teleportation
 X - a scroll of holy word
Potions
 e - 4 potions of curing
 h - 7 potions of flight
 o - 2 potions of resistance
 r - 2 potions of berserk rage
 u - 3 potions of brilliance
 v - a potion of cancellation
 E - 3 potions of mutation
 G - 2 potions of might
 H - 4 potions of heal wounds
 K - 6 potions of haste
 V - a potion of magic


   Skills:
 - Level 12.9 Fighting
 - Level 11.2 Dodging
 - Level 1.7 Stealth
 - Level 4.0 Shields
 + Level 12.0 Spellcasting
 - Level 11.7 Conjurations
 + Level 8.6 Transmutations
 + Level 12.5 Fire Magic
 - Level 13.5 Air Magic
 - Level 8.3 Evocations


You had 2 spell levels left.
You knew the following spells:

 Your Spells              Type           Power      Damage    Failure   Level
a - Shock                 Conj/Air       100%       1d9       1%          1
b - Static Discharge      Conj/Air       60%        N/A       1%          2
c - Swiftness             Air            62%        N/A       1%          3
d - Airstrike             Air            31%        N/A       1%          4
e - Lightning Bolt        Conj/Air       30%        1d47      1%          5
f - Poisonous Vapours     Pois/Air       82%        N/A       1%          2
g - Olgreb's Toxic Radia  Pois           12%        N/A       13%         4
h - Ignite Poison         Fire/Tmut/Pois 42%        N/A       1%          3
i - Orb of Destruction    Conj           29%        9d11      11%         7
j - Storm Form            Tmut/Air       28%        N/A       43%         7

Your spell library contained the following spells:

 Spells                   Type           Power      Damage    Failure   Level
 Bolt of Magma            Conj/Fire/Erth 23%        4d11      1%          5
 Beastly Appendage        Tmut           96%        N/A       1%          1
 Magic Dart               Conj           100%       1d8       1%          1
 Sting                    Tmut/Pois      100%       1d8       1%          1
 Wereblood                Tmut           48%        N/A       1%          2
 Animate Skeleton         Necr           24%        N/A       5%          1
 Apportation              Tloc           24%        N/A       5%          1
 Corona                   Hex            13%        N/A       5%          1
 Summon Small Mammal      Summ           48%        N/A       5%          1
 Blink                    Tloc           N/A        N/A       8%          2
 Call Imp                 Summ           12%        N/A       8%          2
 Ensorcelled Hibernation  Hex/Ice        24%        N/A       8%          2
 Slow                     Hex            12%        N/A       8%          2
 Conjure Flame            Conj/Fire      59%        6-21      1%          3
 Dazzling Flash           Conj/Hex       74%        N/A       1%          3
 Mephitic Cloud           Conj/Pois/Air  48%        N/A       1%          3
 Irradiate                Conj/Tmut      26%        3d22      1%          5
 Conjure Ball Lightning   Conj/Air       30%        3x3d10    1%          6
 Spider Form              Tmut/Pois      15%        N/A       2%          3
 Summon Lightning Spire   Summ/Air       41%        N/A       3%          4
 Blade Hands              Tmut           24%        N/A       4%          5
 Ice Form                 Ice/Tmut       30%        N/A       9%          4
 Silence                  Hex/Air        20%        N/A       9%          5
 Call Canine Familiar     Summ           12%        N/A       16%         3
 Confusing Touch          Hex            12%        N/A       16%         3
 Summon Guardian Golem    Hex/Summ       12%        N/A       16%         3
 Tukima's Dance           Hex            12%        N/A       16%         3
 Summon Ice Beast         Ice/Summ       12%        N/A       45%         4
 Ignition                 Fire           30%        3d10      45%         8
 Dragon Form              Tmut           24%        N/A       78%         7
 Statue Form              Tmut/Erth      20%        N/A       80%         6
 Polar Vortex             Ice            6%         N/A       100%        9
 Shatter                  Erth           6%         3d9*      100%        9


Dungeon Overview and Level Annotations

Branches:
Dungeon (15/15)            Temple (1/1) D:5            Lair (6/6) D:10
  Swamp (4/4) Lair:2       Spider (1/4) Lair:4        Slime (0/5) Lair:5
    Orc (2/2) D:12            Elf (1/3) Orc:2        Vaults (0/5) D:13
 Depths (0/5) D:15          Sewer (visited)

Altars:
Cheibriados
Dithmenos
Elyvilon
Fedhas
Gozag
Hepliaklqana
Kikubaaqudgha
Makhleb
Nemelex Xobeh
Okawaru
Qazlal
Ru
Sif Muna
Trog
Uskayaw
Vehumet
Xom
Yredelemnul
Zin
The Shining One

Shops:
D:8 :   D:9 :=(*   Orc:2 =*[(

Portals:
Trove: D:14 (give +4 demon blade)

Annotations:
D:12 3 runed translucent doors, exclusion: orange crystal statue
D:14 2 runed translucent doors
D:15 2 transporters, Efebur's ghost, adept GrFi
Swamp:1 2 transporters, Pooter's ghost, adept MiBe
Swamp:4 Lernaean hydra


Innate Abilities, Weirdness & Mutations

You are a lightning-filled tempest!
Your stormy fists strike out in all directions at once.
You are incredibly evasive.
You are flying.
You are immune to poison.
Your armour is entirely melded.
You are incapable of wielding weapons or throwing items.
((You can breathe blasts of scalding, opaque steam.))
((Your pale cyan-grey scales are hard. (AC +9)))
You cannot fit into any form of body armour.
((You are cold-blooded and may be slowed by cold attacks.))
((You are immune to the effects of steam.))


Message History

Confirm with . or Enter, or press ? or * to list all spells.
You ignite the poison in your surroundings!
The necromancer seems to burn from within!!
The necromancer is almost dead.
The necromancer seems to burn from within!
The necromancer is moderately wounded.
The elf zombie closely misses you.
Unknown command.
Casting: Ignite Poison (safe; 1% risk of failure)
Confirm with . or Enter, or press ? or * to list all spells.
You begin to radiate toxic energy.
The necromancer is poisoned. x2
The elf zombie completely misses you.
The necromancer points at you and mumbles some strange words.
The bolt of negative energy hits the elf zombie.
The elf zombie completely resists.
The bolt of negative energy hits you!!!
You feel drained.
* * * LOW HITPOINT WARNING * * *
Unknown command.
Casting: Olgreb's Toxic Radiance (dangerous; 13% risk of failure)
Confirm with . or Enter, or press ? or * to list all spells.
You ignite the poison in your surroundings!
The necromancer seems to burn from within!!
You kill the necromancer!
Vehumet accepts your kill.
You feel your power returning.
The necromancer seems to burn from within!!
The necromancer is almost dead.
The necromancer seems to burn from within!
The necromancer is severely wounded.
The necromancer is poisoned. x2
Your toxic aura wanes.
You kill the necromancer!
Vehumet accepts your kill.
You feel your power returning.
A freezing mist starts to gather...
The necromancer casts a spell at you.
The bolt of negative energy hits the large abomination.
The large abomination completely resists.
The bolt of negative energy misses the elf zombie.
The bolt of negative energy hits you!
You feel drained.
You die...

#.)<..# *,,,,,,,* #)..).#
*,,,,,,,* ###'''')###
*,,,,,,,* #.........#
*,,∩,,,,* #(8.....8.#
*,,,,,,,* #.........#
*,,,,,,,** #.........#######
*,,,,,,,,* ....^...........##
****,,,,,** #.........#.###.v#
*,,,,,,,* ###########.#*##Z#*
**,,,,,,,** * #.#,,Z)X#
*,,,,,,,,,* *
*#.#,⌠Z).#****,,,,,,,** *
*..#.Z..p.,* *,,,,,,,* *
**.##.......***+,,,,,** *
*,.*#...)...#*,*,,,,,*
*********,**#....#'##,****+***
,,,,,,,,,,* **,,,*,,*** *,*


You could see a large abomination, a necromancer (soul bound, poisoned), a
necromancer simulacrum and 3 elf zombies.

Vanquished Creatures
  Jorgrun (D:13)
  Rupert (D:13)
  Kirke (Lair:4)
  Frances (Swamp:2)
  A thorn hunter (Swamp:3)
  An orc warlord (Orc:2)
  4 bunyips
  7 eleionomae
  Fannar (D:11)
  An ettin (D:15)
  Josephine (D:15)
  A fire dragon (Lair:6)
  16 hydras
  A shambling mangrove (Swamp:2)
  Harold (D:8)
  2 boulder beetles
  An ogre mage (Orc:1)
  3 ghost crabs
  An alligator (Swamp:3)
  6 centaur warriors
  3 catoblepae
  2 dancing weapons (D:13)
  7 two-headed ogres
  A death knight (D:15)
  16 death yaks
  7 orc high priests
  Urug (D:10)
  Sonja (D:11)
  Nergalle (D:11)
  8 skeletal warriors
  7 goliath frogs
  2 spriggan druids
  2 deep trolls (D:15)
  13 swamp dragons
  2 bog bodies
  2 wizards (D:14)
  2 orc knights (Orc:2)
  4 necromancers
  Pikel (D:7)
  7 deep elf pyromancers
  2 lindwurms (Lair:6)
  2 will-o-the-wisps (Swamp:3)
  A wolf spider (Spider:1)
  A deep elf zephyrmancer (Elf:1)
  3 oklob plants
  4 orc sorcerers
  3 cyclopes
  10 ugly things
  2 manticores
  4 black mambas
  18 elephants
  2 molten gargoyles (Lair:6)
  6 cane toads
  A torpor snail (Spider:1)
  2 rime drakes
  2 unseen horrors (D:12)
  Maggie (D:9)
  A freezing wraith (D:13)
  2 efreet (D:14)
  13 komodo dragons
  A yaktaur (D:14)
  2 tengu conjurers
  3 demonic crawlers
  6 trolls
  A bloated husk (Swamp:2)
  4 polar bears
  5 tyrant leeches
  3 hornets
  Prince Ribbit (D:6)
  8 blink frogs
  10 slime creatures
  8 dream sheep (Lair:6)
  A shadow (D:12)
  4 spriggans
  5 tarantellas (Spider:1)
  7 redbacks
  6 wraiths
  6 wyverns
  47 yaks
  3 basilisks
  4 hogs (Lair:4)
  3 steam dragons
  Grum (D:11)
  5 vampire mosquitoes (D:13)
  2 wargs
  14 swamp worms
  Duvessa (D:6)
  An acid dragon (D:11)
  4 hell hounds (Lair:6)
  15 water moccasins
  13 swamp drakes
  A black bear (Lair:1)
  3 sky beasts
  27 orc warriors
  3 iguanas
  10 ogres
  2 ice beasts
  8 wolves
  3 boggarts (D:15)
  A necrophage (D:8)
  14 centaurs
  A lemure (D:7)
  2 phantoms
  4 kobold brigands
  11 bullfrogs
  A scorpion (D:7)
  Dowan (D:6)
  A wyvern zombie (D:7)
  An earth elemental (Elf:1)
  6 killer bees (D:11)
  2 howler monkeys
  4 wights (D:8)
  2 electric eels
  5 lava snakes (Lair:6)
  A crimson imp (D:9)
  4 centaur zombies
  4 gnoll shamans
  2 iron imps (D:9)
  11 orc priests
  A jelly (D:4)
  A bullfrog skeleton (D:6)
  A centaur skeleton (D:5)
  A hound (D:5)
  21 orc wizards
  A killer bee zombie (D:9)
  Robin (D:3)
  9 adders
  24 gnolls
  A river rat (Sewer)
  A shadow imp (D:6)
  A white imp (D:9)
  An adder skeleton (D:4)
  2 dart slugs (D:4)
  61 orcs
  7 endoplasms
  3 giant cockroaches
  9 hobgoblins
  8 jackals
  25 kobolds
  3 quokkas
  7 ball pythons
  3 bats
  9 frilled lizards
  21 goblins
  8 rats
780 creatures vanquished.

Vanquished Creatures (collateral kills)
  A bog body (Swamp:1)
  A swamp worm (Swamp:1)
  A scorpion (D:6)
3 creatures vanquished.

Vanquished Creatures (others)
  A bloated husk (Swamp:1)
  A golden eye (shapeshifter) (D:14)
  A water moccasin (D:6)
  An orc wizard (D:9)
  A shadow imp (D:9)
  4 orcs (D:9)
  A bush (Lair:6)
  5 foxfires
  41 fungi
  43 plants
99 creatures vanquished.

Grand Total: 882 creatures vanquished

Notes
Turn   | Place    | Note
-------+----------+-------------------------------------------
     0 | D:1      | Shayle the Draconian Air Elementalist began the quest for
                  | the Orb.
     0 | D:1      | Reached XP level 1. HP: 14/14 MP: 3/3
   638 | D:1      | Reached XP level 2. HP: 22/22 MP: 3/5
  1087 | D:2      | Reached skill level 1 in Fighting
  1087 | D:2      | Reached XP level 3. HP: 28/28 MP: 0/6
  1090 | D:2      | Learned a level 2 spell: Static Discharge
  1094 | D:2      | Learned a level 3 spell: Swiftness
  1767 | D:2      | Reached skill level 1 in Shields
  2062 | D:2      | Reached XP level 4. HP: 34/35 MP: 2/7
  2486 | D:2      | Reached skill level 4 in Air Magic
  2698 | D:2      | Reached XP level 5. HP: 21/41 MP: 3/8
  3184 | D:3      | Found a glowing drain.
  3189 | Sewer    | Entered a sewer
  3493 | Sewer    | Found a white marble altar of Elyvilon.
  3786 | D:3      | Noticed Robin
  3794 | D:3      | Killed Robin
  3795 | D:3      | Reached XP level 6. HP: 24/48 MP: 3/10
  4505 | D:4      | Learned a level 4 spell: Airstrike
  4521 | D:4      | Found a large runed translucent door.
  4522 | D:4      | Found a large runed translucent door.
  4528 | D:4      | Found an opulent altar of Gozag.
  4580 | D:5      | Entered Level 5 of the Dungeon
  4634 | D:5      | Noticed a sky beast
  4953 | D:6      | Noticed a water moccasin
  5174 | D:6      | Found a shadowy altar of Dithmenos.
  5188 | D:6      | Reached skill level 5 in Air Magic
  5350 | D:6      | Noticed a water moccasin
  5375 | D:6      | Killed a water moccasin
  5376 | D:6      | Your scales start taking on a pale cyan-grey colour.
  5376 | D:6      | Reached XP level 7. HP: 47/57 MP: 4/12
  5376 | D:6      | Gained mutation: You are immune to the effects of steam.
                  | [Pale Draconian growth]
  5484 | D:6      | Noticed Prince Ribbit
  5497 | D:6      | Killed Prince Ribbit
  5646 | D:5      | Reached skill level 6 in Air Magic
  5717 | D:5      | Reached XP level 8. HP: 38/66 MP: 0/13
  6067 | D:6      | Noticed Duvessa
  6067 | D:6      | Noticed Dowan
  6077 | D:6      | Killed Duvessa
  6078 | D:6      | Killed Dowan
  6344 | D:5      | Found a staircase to the Ecumenical Temple.
  6361 | Temple   | Entered the Ecumenical Temple
  6428 | Temple   | Became a worshipper of Vehumet
  6650 | D:5      | Found a burning altar of Makhleb.
  6760 | D:5      | Reached skill level 5 in Fighting
  7313 | D:4      | Reached skill level 7 in Air Magic
  7313 | D:4      | Reached XP level 9. HP: 74/74 MP: 8/16
  7457 | D:4      | Found a basalt altar of Yredelemnul.
  7470 | D:4      | Found a shimmering altar of Xom.
  7748 | D:4      | Reached * piety under Vehumet
  7748 | D:4      | Offered knowledge of Freeze by Vehumet.
  7806 | D:4      | Identified the +1 helmet "Vyfitsif" {rC- rN+ Regen+}
  8132 | D:7      | Reached skill level 5 in Spellcasting
  8255 | D:6      | Learned a level 5 spell: Lightning Bolt
  8432 | D:7      | Reached skill level 5 in Dodging
  8466 | D:7      | Reached skill level 1 in Evocations
  8723 | D:7      | Noticed Pikel
  8739 | D:7      | Killed Pikel
  8740 | D:7      | Reached skill level 5 in Conjurations
  8802 | D:7      | Found a hide-covered altar of Uskayaw.
  8830 | D:7      | Noticed a komodo dragon
  8849 | D:7      | Killed a komodo dragon
  9388 | D:8      | Offered knowledge of Magic Dart by Vehumet.
  9389 | D:8      | Reached ** piety under Vehumet
  9584 | D:8      | Reached skill level 8 in Air Magic
  9584 | D:8      | Reached XP level 10. HP: 84/84 MP: 9/18
  9734 | D:8      | Noticed a two-headed ogre
  9738 | D:8      | Killed a two-headed ogre
  9842 | D:8      | Noticed Harold
  9889 | D:8      | Killed Harold
 10405 | D:8      | Reached skill level 5 in Evocations
 10475 | D:8      | Noticed a brown ugly thing
 10482 | D:8      | Noticed a boulder beetle
 10483 | D:8      | Killed a brown ugly thing
 10485 | D:8      | Reached XP level 11. HP: 81/92 MP: 1/21
 10490 | D:8      | Offered knowledge of Poisonous Vapours by Vehumet.
 10660 | D:8      | Killed a boulder beetle
 10661 | D:8      | Reached skill level 9 in Air Magic
 10669 | D:8      | Learned a level 2 spell: Poisonous Vapours
 10794 | D:8      | Found Uvocol's Book Emporium.
 11085 | D:9      | Found Xobliaceor's Weapon Emporium.
 11086 | D:9      | Found Kimpoge's Assorted Antiques.
 11089 | D:9      | Bought a scroll labelled FEEPLO WOUC for 31 gold pieces
 11089 | D:9      | Bought a pink potion for 27 gold pieces
 11324 | D:9      | Found a sparkling altar of Nemelex Xobeh.
 11376 | D:9      | Found Nyboroni's Jewellery Shop.
 11384 | D:9      | Noticed a purple ugly thing
 11393 | D:9      | Killed a purple ugly thing
 11496 | D:9      | Noticed Maggie
 11519 | D:9      | Noticed a deep elf pyromancer
 11519 | D:9      | Noticed a deep elf pyromancer
 11520 | D:9      | Killed Maggie
 11887 | D:9      | Found Tagac's Book Shop.
 11997 | D:9      | Reached *** piety under Vehumet
 12227 | D:9      | Found a faded altar of an unknown god.
 12229 | D:9      | Paralysed by a kobold brigand for 7 turns
 12238 | D:9      | Found a hazy altar of Hepliaklqana.
 12611 | D:9      | Killed a deep elf pyromancer
 12611 | D:9      | Offered knowledge of Fulminant Prism by Vehumet.
 12660 | D:9      | Killed a deep elf pyromancer
 13031 | D:9      | Found a snail-covered altar of Cheibriados.
 13233 | D:10     | Entered Level 10 of the Dungeon
 13236 | D:10     | Noticed Urug
 13260 | D:10     | Killed Urug
 13777 | D:10     | Found a staircase to the Lair.
 13828 | Lair:1   | Entered Level 1 of the Lair of Beasts
 14088 | Lair:1   | Noticed a five-headed hydra
 14095 | Lair:1   | Killed a five-headed hydra
 14096 | Lair:1   | Reached skill level 10 in Air Magic
 14096 | Lair:1   | Reached XP level 12. HP: 72/103 MP: 6/23
 14609 | Lair:1   | Reached **** piety under Vehumet
 15383 | Lair:2   | Noticed a six-headed hydra
 15389 | Lair:2   | Killed a five-headed hydra
 15886 | Lair:2   | Found a staircase to the Swamp.
 16558 | Lair:3   | Learned a level 4 spell: Olgreb's Toxic Radiance
 16562 | Lair:3   | Learned a level 3 spell: Ignite Poison
 16960 | Lair:3   | Noticed an eight-headed hydra
 16972 | Lair:3   | Killed an eight-headed hydra
 17499 | Lair:4   | Identified the +4 flail of Destiny {flame, rN+ Str+4}
 17726 | Lair:4   | Noticed Kirke
 17731 | Lair:4   | Offered knowledge of Freezing Cloud by Vehumet.
 17746 | Lair:4   | Killed Kirke
 18252 | Lair:4   | Found a hole to the Spider Nest.
 18720 | Lair:5   | Reached skill level 10 in Fighting
 18724 | Lair:5   | Noticed a death yak
 18726 | Lair:5   | Noticed a death yak
 18727 | Lair:5   | Noticed a death yak
 18728 | Lair:5   | Noticed a death yak
 18729 | Lair:5   | Noticed a death yak
 18731 | Lair:5   | Noticed a death yak
 18742 | Lair:4   | Killed a death yak
 18743 | Lair:4   | Reached XP level 13. HP: 90/113 MP: 10/25
 18882 | Lair:4   | Reached skill level 1 in Fire Magic
 18882 | Lair:4   | Reached skill level 11 in Air Magic
 19168 | Lair:5   | Found a basalt altar of Yredelemnul.
 19551 | Lair:5   | Found a staircase to the Slime Pits.
 19725 | Lair:5   | Identified the +0 glaive "Xoxiogh" {venom, Will- Str+4
                  | Int+6 Dex+2}
 20198 | Lair:6   | Entered Level 6 of the Lair of Beasts
 20549 | Lair:6   | Found a hide-covered altar of Uskayaw.
 20755 | Lair:6   | Reached ***** piety under Vehumet
 20756 | Lair:6   | Offered knowledge of Eringya's Noxious Bog by Vehumet.
 21150 | Lair:6   | Reached XP level 14. HP: 109/124 MP: 14/27
 21156 | Lair:6   | Reached skill level 10 in Conjurations
 21158 | Lair:6   | Reached skill level 5 in Fire Magic
 21172 | Lair:6   | Reached skill level 12 in Air Magic
 21974 | Lair:6   | Reached skill level 10 in Spellcasting
 22416 | Lair:6   | Reached skill level 10 in Dodging
 22474 | Lair:6   | Found a large runed translucent door.
 22474 | Lair:6   | Found a large runed translucent door.
 23779 | D:11     | Noticed Fannar
 23784 | D:11     | Killed Fannar
 24305 | D:11     | Noticed Nergalle
 24316 | D:11     | Killed Nergalle
 24452 | D:11     | Identified the +7 scythe "Caghoacw" {drain, rF++ Str-5
                  | Dex+4}
 24476 | D:11     | Noticed Grum
 24484 | D:11     | Killed Grum
 24691 | D:11     | Noticed Sonja
 24694 | D:11     | Killed Sonja
 25051 | D:12     | Found a runed translucent door.
 25066 | D:12     | Found a runed translucent door.
 25103 | D:12     | Found a runed translucent door.
 25422 | D:12     | Offered knowledge of Orb of Destruction by Vehumet.
 25434 | D:12     | Learned a level 7 spell: Orb of Destruction
 25504 | D:12     | Found a staircase to the Orcish Mines.
 26498 | Orc:1    | Entered Level 1 of the Orcish Mines
 27540 | Orc:2    | Entered Level 2 of the Orcish Mines
 27550 | Orc:2    | Reached XP level 15. HP: 99/132 MP: 26/29
 27553 | Orc:2    | Noticed an orc warlord
 27563 | Orc:2    | Killed an orc warlord
 27784 | Orc:2    | Found Etixem's General Store.
 27828 | Orc:2    | Bought a wand of iceblast (8) for 144 gold pieces
 27828 | Orc:2    | Bought a potion of might for 48 gold pieces
 28039 | Orc:2    | Found Xucwuwong's Antique Weapon Shoppe.
 28058 | Orc:2    | Found a staircase to the Elven Halls.
 28241 | Orc:2    | Found Jabat's Antique Armour Emporium.
 28287 | Orc:2    | Found Kehuluawk's Jewellery Boutique.
 28652 | Orc:2    | Reached skill level 13 in Air Magic
 28966 | D:8      | Bought a book of the Tempests for 1050 gold pieces
 28966 | D:8      | Bought a book of the Sky for 975 gold pieces
 29234 | D:12     | Found a runed translucent door.
 29552 | D:13     | Noticed Rupert
 29577 | D:13     | Killed Rupert
 29968 | D:13     | Noticed Jorgrun
 29981 | D:13     | Killed Jorgrun
 30558 | D:13     | Offered knowledge of Iskenderun's Battlesphere by Vehumet.
 30802 | Swamp:1  | Entered Level 1 of the Swamp
 31574 | Swamp:1  | Found a transporter.
 31575 | Swamp:1  | Noticed Pooter's ghost (adept MiBe)
 31606 | Swamp:1  | Found a transporter.
 32823 | Swamp:2  | Noticed Frances
 32831 | Swamp:2  | Killed Frances
 33711 | Swamp:3  | Noticed a thorn hunter
 33721 | Swamp:3  | Killed a thorn hunter
 33722 | Swamp:3  | Reached skill level 1 in Transmutations
 33722 | Swamp:3  | Reached XP level 16. HP: 122/141 MP: 15/31
 33920 | Swamp:3  | Offered knowledge of Yara's Violent Unravelling by Vehumet.
 35628 | Swamp:4  | Entered Level 4 of the Swamp
 35750 | Swamp:4  | Reached skill level 10 in Fire Magic
 36099 | Swamp:4  | Reached skill level 5 in Transmutations
 37471 | Swamp:4  | Noticed the 27-headed Lernaean hydra
 37675 | Spider:1 | Entered Level 1 of the Spider Nest
 38857 | D:13     | Found a gate to the Vaults.
 39464 | D:15     | Entered Level 15 of the Dungeon
 39472 | D:15     | Offered knowledge of Bolt of Magma by Vehumet.
 39687 | D:15     | Found a transporter.
 39800 | D:15     | Noticed Efebur's ghost (adept GrFi)
 39842 | D:15     | Found a transporter.
 40097 | D:15     | Learned a level 7 spell: Storm Form
 40133 | D:15     | Found a staircase to the Depths.
 40310 | D:15     | Noticed Josephine
 40422 | D:15     | Killed Josephine
 40678 | D:14     | Found a runed translucent door.
 40678 | D:14     | Found a runed translucent door.
 40696 | D:14     | Identified the ring of Mutualism {rF- Will+ rCorr Int+4}
 40699 | D:14     | Identified the ring of Suicidal Tendencies {rPois Will+
                  | Dex-2 SInv}
 41011 | D:14     | Identified the +5 tower shield "Raxkuyd" {rN+}
 41013 | D:14     | Reached XP level 17. HP: 125/148 MP: 5/32
 41013 | D:14     | Identified the ring of Pride {Will+ rCorr Int+4 Dex+2}
 41112 | D:14     | Identified the ring "Riloyxt" {+Blink rElec rCorr EV+4
                  | Stlth-}
 41390 | D:14     | Found a portal to a secret trove of treasure.
 41727 | Elf:1    | Entered Level 1 of the Elven Halls
 41798 | Elf:1    | Killed from afar by a necromancer

Illustrated notes

Levels and vault maps discovered:
D:1:      dpeg_chamrin_arrival_tetris, layout_basic
D:2:      layout_basic, minmay_joined_circles
D:3:      layout_loops_cross, portal_sewer_entry_e, uniq_robin
D:4:      minmay_octagon_keep, layout_cave_pools, jmf_multi_god_temple2,
          nicolae_overflow_crystal_walls
D:5:      layout_loops_cross, lemuel_coloured_pillars_altar,
          minmay_temple_entry_butterflies
D:6:      layout_basic, old_standard_altar, uniq_duvessa, uniq_prince_ribbit1
D:7:      layout_loops_cross, nicolae_overflow_hidden_temple,
          chequers_serial_rivers_small_a, uniq_pikel
D:8:      minmay_slanted_spiral_squares, layout_basic, serial_shops, shop,
          uniq_harold
D:9:      layout_rooms, chei_slow_surprise, beargit_hepliaklqana_dungeon_heroes,
          overflow_temple_1_default, serial_shops, shop_statue, shop,
          nicolae_shop_trees, shop, hangedman_minor_magic, uniq_maggie
D:10:     layout_stronghold, david_lair_shrubbed, uniq_urug
D:11:     layout_gridville, uniq_nergalle, uniq_fannar, uniq_grum, uniq_sonja
D:12:     layout_layer_cave, orc_0_dummy, minmay_statue_crystal_thing
D:13:     layout_small_grid, erik_vaults_1, uniq_rupert, uniq_jorgrun
D:14:     minmay_the_grid_triangle_9x9_recursive_2
          [minmay_the_grid_triangle_9x9_prize_special,
          minmay_the_grid_triangle_9x9_alien,
          minmay_the_grid_triangle_9x9_tough_junction,
          minmay_the_grid_triangle_9x9_windchime], layout_loops_ring,
          enter_trove_6, minmay_unpleasant_kobolds
D:15:     hangedman_depths_entry_civil_slaughter, layout_loops_corners,
          gammafunk_ghost_mausoleum, elyvilon_altar_3, uniq_josephine
Temple:   nicolae_temple_god_jail
Lair:1:   layout_gridlike, serial_bayou_lagoon_b
Lair:2:   layout_chaotic_city, nicolae_swamp_entry_splash_gauntlet,
          chequers_serial_rivers_micro_d
Lair:3:   layout_cave_pods
Lair:4:   layout_regular_city, spider_nest_entry_webs, lemuel_fruit_fields,
          uniq_kirke
Lair:5:   layout_misc_corridors, minmay_slime_entry_oklob_open, basic_altar,
          grunt_megastairs_3
Lair:6:   cheibrodos_lair_end_hotspot, layout_regular_city, serial_bayou_pond_d,
          lemuel_oklob_altar, lemuel_fruit_tree
Swamp:1:  layout_falls_marsh, gammafunk_ghost_berserking_beasts,
          serial_swamp_ruin, evilmike_swamp_ruin_rubble_2,
          evilmike_swamp_ruin_rubble_1, swamp_pool5
Swamp:2:  layout_basic_swamp, evilmike_swamp_ruin_house_3, uniq_frances
Swamp:3:  layout_basic_swamp, nicolae_swamp_oxbows, swamp_pool5
Swamp:4:  swamp_old_school, layout_basic_swamp, swamp_pool5,
          amcnicky_altar_lugonu_corruption, infiniplex_staircase_pool
Spider:1: layout_spider_delve, lemuel_hornet_nest, uniq_asterion
Orc:1:    layout_caves, nicolae_orc_crystal_geode
Orc:2:    grunt_orc_gardens, layout_caves, grunt_orc_garden, grunt_orc_garden,
          grunt_orc_garden, grunt_orc_garden
Elf:1:    eino_elf_arrival_the_gate, layout_geoelf_octagon, serial_shops,
          nicolae_shop_statue_plus, portal_desolation_entry_salt,
          minmay_elf_necromancy, uniq_aizul, uniq_louise

Skill      XL: |  1  2  3  4  5  6  7  8  9 10 11 12 13 14 15 16 17 |
---------------+----------------------------------------------------+-----
Dodging        | 2 3 4 5 6 7 8 9 10 11 | 11.2
Fighting       | 1 2 3 5 6 7 8 10 11 12 | 12.9
Shields        | 1 2 3 4 |  4.0
Air Magic      | 4 5 6 7 8 10 11 12 13 | 13.5
Spellcasting   | 3 4 5 6 7 8 9 10 11 12 | 12.0
Conjurations   | 2 4 5 6 7 8 9 10 11 | 11.7
Evocations     | 3 5 6 8 |  8.3
Fire Magic     | 4 7 9 12 | 12.5
Transmutations | 1 8 |  8.6
Stealth        | |  1.7

Action                   |  1- 3 |  4- 6 |  7- 9 | 10-12 | 13-15 | 16-18 || total
-------------------------+-------+-------+-------+-------+-------+-------++-------
Melee: Dagger            |    58 |     9 |       |   189 |       |       ||   256
       Unarmed           |     8 |       |       |    11 |       |     1 ||    20
       Tailslap          |     4 |    13 |    22 |    44 |    15 |    11 ||   109
       Short sword       |       |   100 |       |       |       |       ||   100
       Mace              |       |    58 |   186 |   146 |   147 |    69 ||   606
       Falchion          |       |       |       |     1 |     9 |       ||    10
Throw: Throwing net      |       |       |       |       |       |     3 ||     3
 Cast: Shock             |    54 |    26 |    11 |     2 |     3 |       ||    96
       Static Discharge  |     3 |    29 |     8 |     3 |     7 |       ||    50
       Airstrike         |       |     2 |    49 |   220 |   335 |   132 ||   738
       Swiftness         |       |     2 |       |       |       |       ||     2
       Lightning Bolt    |       |       |       |    19 |    13 |    29 ||    61
       Olgreb's Toxic Ra |       |       |       |     8 |   118 |    27 ||   153
       Poisonous Vapours |       |       |       |     6 |     9 |       ||    15
       Ignite Poison     |       |       |       |     4 |    98 |    23 ||   125
       Orb of Destructio |       |       |       |       |    29 |   108 ||   137
       Storm Form        |       |       |       |       |       |     1 ||     1
 Abil: Breathe Steam     |       |       |    20 |    26 |    14 |    10 ||    70
Evoke: Wand              |       |     3 |     1 |     6 |     7 |     7 ||    24
  Use: Scroll            |     3 |     6 |     4 |     7 |    10 |     6 ||    36
       Potion            |       |     4 |     4 |     6 |     1 |     7 ||    22
 Stab: Sleeping          |       |     1 |       |       |       |       ||     1
       Paralysed         |       |       |       |    21 |       |       ||    21
Armor: Skin              |    20 |    95 |   136 |   134 |   173 |   156 ||   714
Dodge: Dodged            |    41 |   131 |   184 |   261 |   259 |   188 ||  1064
Block: Buckler           |    15 |    81 |    96 |   118 |   140 |    95 ||   545
       Rpst.: Falchion   |       |       |       |       |     2 |       ||     2

Table legend: (Time is in decaauts)
 A = Elapsed time spent in this place.
 B = Non-inter-level travel time spent in this place.
 C = Inter-level travel time spent in this place.
 D = Time resting spent in this place.
 E = Time spent auto-exploring this place.
 F = Levels seen in this place.
 G = Mean time per level.
                   A        B        C        D        E       F      G
               +--------+--------+--------+--------+--------+-----+--------+
         Total |  42468 |  40289 |   2179 |  15317 |  16544 |  31 | 1369.9 |
       Dungeon |  22783 |  21595 |   1188 |   7456 |   9233 |  15 | 1518.9 |
        Temple |     84 |     67 |     17 |      0 |     47 |   1 |   84.0 |
          Lair |  10000 |   9325 |    675 |   3135 |   4348 |   6 | 1666.7 |
         Swamp |   6917 |   6698 |    219 |   3869 |   1845 |   4 | 1729.2 |
   Spider Nest |    263 |    263 |      0 |     87 |     93 |   1 |  263.0 |
  Orcish Mines |   1956 |   1878 |     78 |    562 |    876 |   2 |  978.0 |
   Elven Halls |     71 |     71 |      0 |     32 |      0 |   1 |   71.0 |
         Sewer |    391 |    391 |      0 |    176 |     99 |   1 |  391.0 |
               +--------+--------+--------+--------+--------+-----+--------+

Top non-repeatable levels by time:
    D:12: 3042 daAuts
  Lair:6: 2530 daAuts
     D:8: 2477 daAuts
 Swamp:3: 2470 daAuts
 Swamp:2: 2313 daAuts
  Lair:4: 2146 daAuts
     D:2: 1728 daAuts
    D:11: 1654 daAuts
  Lair:1: 1582 daAuts
     D:5: 1535 daAuts
  Lair:3: 1485 daAuts
    D:13: 1396 daAuts
     D:9: 1359 daAuts
    D:14: 1344 daAuts
     D:6: 1306 daAuts
